 Dungeon Crawl Stone Soup version 0.18.1-48-g4cf74bf (webtiles) character file.

6626 Heedrag the Destroyer (level 10, -10/69 HPs)
             Began as a Demonspawn Wizard on July 31, 2016.
             Was a Priest of Vehumet.
             Mangled by a warg (12 damage)
             ... on level 10 of the Dungeon.
             The game lasted 00:57:01 (13152 turns).

Heedrag the Destroyer (Demonspawn Wizard)          Turns: 13152, Time: 00:57:02

Health: -10/69     AC:  8    Str:  8    XL:     10   Next: 72%
Magic:  16/24      EV:  7    Int: 22    God:    Vehumet [***...]
Gold:   650        SH:  0    Dex: 12    Spells: 5 memorised, 14 levels left

rFire  . . .     SeeInvis .     B - +4 hunting sling
rCold  . . .     Gourm    .     P - +2 robe {MR+}
rNeg   . . .     Faith    .     (no shield)
rPois  .         Spirit   .     b - +0 hat
rElec  .         Dismiss  .     v - +1 cloak
rCorr  .         Reflect  .     l - +0 pair of gloves
SustAt .         Harm     .     o - +0 pair of boots
MR     +....                    M - amulet of inaccuracy (curse)
Stlth  ++........               (no ring)
                                (no ring)

@: somewhat resistant to hostile enchantments, unstealthy
A: antennae 1, claws 2, talons 1, high mp 1, powered by death 2, spiny 2, sturdy
frame 1
a: Renounce Religion


You were on level 10 of the Dungeon.
You worshipped Vehumet.
Vehumet was most pleased with you.
You were very hungry.

You visited 2 branches of the dungeon, and saw 11 of its levels.

You collected 685 gold pieces.
You spent 35 gold pieces at shops.

Inventory:

Hand Weapons
 e - a +1 hunting sling of evasion
 u - a +3 quarterstaff of chaos
 B - a +4 hunting sling (weapon)
 O - a +1 short sword of speed
 T - a +0 dagger of chaos
 V - the cursed +1 war axe of World Downfall {drain, Dex+7}
   (You found it on level 9 of the Dungeon)

   A truly terrible weapon, it drains the life of those it strikes.
   It affects your dexterity (+7).
   It has a curse placed upon it.
Missiles
 f - 568 stones
 C - 31 sling bullets (quivered)
Armour
 a - a +0 robe
 b - a +0 hat (worn)
 l - a +0 pair of gloves (worn)
 o - a +0 pair of boots (worn)
 v - a +1 cloak (worn)
 J - a +2 robe of positive energy
 P - a +2 robe of magic resistance (worn)
 W - a +2 robe of fire resistance
Jewellery
 M - a cursed amulet of inaccuracy (around neck)
 Z - an uncursed ring of protection from fire {unknown}
Wands
 x - a wand of flame (21/48)
 y - a wand of polymorph (8/24)
 H - a wand of teleportation (5/9)
 L - a wand of lightning (10/15)
 N - a wand of paralysis (19/24)
 Q - a wand of confusion (30/48)
 S - a wand of teleportation (0/9)
 U - a wand of slowing (24/48)
 X - a wand of heal wounds (1/9)
Scrolls
 h - 9 scrolls of identify
 m - 4 scrolls of magic mapping
 n - 2 scrolls of enchant weapon
 p - a scroll of fog
 q - a scroll of teleportation
 A - a scroll of random uselessness
 E - 4 scrolls of recharging
 Y - a scroll of holy word {unknown}
Potions
 g - 3 potions of agility {unknown}
 k - 3 potions of might {unknown}
 r - 2 potions of flight {unknown}
 t - a potion of brilliance {unknown}
 w - 2 potions of lignification {unknown}
 z - 6 potions of curing {unknown}
 D - 2 potions of heal wounds {unknown}
 F - a potion of invisibility {unknown}
 G - 2 potions of berserk rage {unknown}
 K - a potion of haste {unknown}
Books
 c - a book of Minor Magic

   Spells                             Type                      Level
   a - Magic Dart                     Conjuration                  1
   b - Blink                          Translocation                2
   c - Call Imp                       Summoning                    2
   d - Repel Missiles                 Charms/Air                   2
   e - Slow                           Hexes                        2
   f - Conjure Flame                  Conjuration/Fire             3
   g - Mephitic Cloud                 Conjuration/Poison/Air       3
Comestibles
 d - 9 bread rations
 j - 5 meat rations
 s - 2 slices of pizza
 I - 9 fruits
 R - a beef jerky


   Skills:
 + Level 2.9 Fighting
 - Level 5.1 Slings
 - Level 1.7 Dodging
 - Level 1.7 Stealth
 + Level 8.4 Spellcasting
 * Level 11.8 Conjurations
   Level 1.0 Summonings
 - Level 0.8 Translocations
 - Level 3.0 Poison Magic


You had 14 spell levels left.
You knew the following spells:

 Your Spells              Type           Power        Failure   Level  Hunger
a - Magic Dart            Conj           ####         1%          1    None
b - Blink                 Tloc           N/A          10%         2    None
c - Mephitic Cloud        Conj/Pois/Air  ####....     1%          3    None
d - Throw Frost           Conj/Ice       #####.       1%          2    None
e - Conjure Flame         Conj/Fire      #####...     1%          3    None


Dungeon Overview and Level Annotations

Branches:
Dungeon (10/15)            Temple (1/1) D:5            Lair (0/8) D:10
    Orc (0/2) D:10

Altars:
Ashenzari
Cheibriados
Dithmenos
Elyvilon
Fedhas
Gozag
Kikubaaqudgha
Makhleb
Nemelex Xobeh
Okawaru
Pakellas
Qazlal
Ru
Sif Muna
Trog
Vehumet
Xom
Yredelemnul
Zin
The Shining One

Shops:
D:4 :!(

Annotations:
D:7 Situis's ghost, novice DsAK
D:10 Heedrag's ghost, journeyman MiBe


Innate Abilities, Weirdness & Mutations

You have a pair of small antennae on your head.
You have very sharp fingernails.
You have sharp toenails.
You regenerate health from kills.
You are mostly covered in sharp spines.
You have an increased reservoir of magic (+10% MP).
Your movements are slightly less encumbered by armour (ER -2).


Message History

Yer magical contamination has completely faded away.
Heedrag's ghost hits ye!
Tha warg bites ye!
* * * LOW HITPOINT WARNIN'
* * * Ye see 'ere an arrow.
Ye be feelin' very hungry.
Tha warg bites ye!
* * * LOW HITPOINT WARNIN'
* * * Tha warg be struck by yer spines.
Tha warg misses ye.
Tha centaur shoots an arrow.
Tha arrow hits ye.
* * * LOW HITPOINT WARNIN'
* * * Ye see 'ere an arrow.
Tha warg closely misses ye.
Tha centaur shoots an arrow.
Tha arrow hits ye but does nay damage.
Thar be a stone staircase leadin' up 'ere.
Tha warg bites ye.
* * * LOW HITPOINT WARNIN'
* * * Heedrag's ghost closely misses ye.
Tha warg be struck by yer spines.
Tha warg bites ye!
Ye die...

##c# ##..### #....(...##...#
####..#####.#######....(...####..
..(........!..........(.[..# ###
..................(....(((.# #
................(........<.######
#..........(....(.(.).)..........
##.................)...##)#######
#.............Whc.....#.÷.#####.
⌠.#.............@.).(....8.......
.#...###############(..#..|#####(
#..#. #(..####'###'# ##.#. #...#
##...## # #. #. # #)>.## #.
##...## #. ####'###'# #.. #..)##
##. #...#.8.# #.


You could see a warg, a centaur and Heedrag's ghost.

Vanquished Creatures
  A hill giant (D:10)
  Psyche (D:9)
  Sigmund (D:2)
  A spriggan (D:9)
  3 hippogriffs
  A hungry ghost (D:9)
  A warg (D:10)
  Duvessa (D:6)
  3 water moccasins
  A sky beast (D:8)
  An orc warrior (D:7)
  2 phantoms
  A black bear (D:8)
  An ogre (D:4)
  2 centaurs
  4 big kobolds
  Blork the orc (D:5)
  7 giant frogs
  Dowan (D:6)
  A scorpion (D:9)
  4 killer bees
  6 howler monkeys
  14 wights
  A crimson imp (D:7)
  A jelly (D:5)
  3 hounds
  6 orc priests
  Crazy Yiuf (D:2)
  2 centaur skeletons
  11 orc wizards
  Jessica (D:2)
  4 iguanas
  Ijyb (D:2)
  7 worker ants
  2 hound skeletons
  Robin (D:2)
  7 gnolls
  12 adders
  2 river rats (D:10)
  2 shadow imps (D:5)
  An adder skeleton (D:6)
  5 worms
  3 giant geckos
  57 orcs
  2 ball pythons (D:2)
  A giant cockroach (D:6)
  48 goblins
  37 hobgoblins
  6 jackals
  17 kobolds
  8 quokkas
  6 bats
  A giant gecko skeleton (D:5)
  8 giant newts
  A quokka skeleton (D:6)
  6 rats
330 creatures vanquished.

Vanquished Creatures (collateral kills)
  A big kobold (D:7)
1 creature vanquished.

Vanquished Creatures (others)
  A swamp drake (D:10)
  2 giant frogs (D:10)
  A worm (D:3)
  An orc (D:10)
5 creatures vanquished.

Grand Total: 336 creatures vanquished

Notes
Turn   | Place    | Note
--------------------------------------------------------------
     0 | D:1      | Heedrag the Demonspawn Wizard began the quest for the Orb.
     0 | D:1      | Reached XP level 1. HP: 13/13 MP: 4/4
   291 | D:1      | Gained mutation: You regenerate a little health from kills. [demonic ancestry]
   291 | D:1      | Reached XP level 2. HP: 9/19 MP: 0/6
   348 | D:1      | Learned a level 2 spell: Blink
   526 | D:1      | Found a shattered altar of Ashenzari.
   647 | D:1      | Reached skill level 2 in Conjurations
   926 | D:2      | Gained mutation: You have a pair of small antennae on your head. [demonic ancestry]
   926 | D:2      | Reached XP level 3. HP: 15/24 MP: 1/7
  1023 | D:2      | Learned a level 3 spell: Mephitic Cloud
  1056 | D:2      | Noticed Sigmund
  1149 | D:2      | Noticed Ijyb
  1322 | D:2      | Reached skill level 3 in Conjurations
  1326 | D:2      | Killed Ijyb
  1326 | D:2      | Reached XP level 4. HP: 25/30 MP: 1/9
  1527 | D:2      | Noticed Robin
  1537 | D:2      | Killed Robin
  1804 | D:2      | Noticed Jessica
  1809 | D:2      | Killed Jessica
  2237 | D:2      | Gained mutation: You have sharp toenails. [demonic ancestry]
  2237 | D:2      | Reached XP level 5. HP: 31/35 MP: 6/10
  2241 | D:2      | Reached skill level 1 in Poison Magic
  2512 | D:2      | Killed Sigmund
  2512 | D:2      | Reached skill level 1 in Slings
  2512 | D:2      | Reached skill level 4 in Conjurations
  2512 | D:2      | Gained mutation: You are partially covered in sharp spines. [demonic ancestry]
  2512 | D:2      | Reached XP level 6. HP: 40/41 MP: 2/12
  2769 | D:2      | Noticed Crazy Yiuf
  2786 | D:2      | Killed Crazy Yiuf
  2919 | D:3      | Found a sparkling altar of Nemelex Xobeh.
  3534 | D:3      | Found a basalt altar of Yredelemnul.
  3604 | D:3      | Found a glowing golden altar of the Shining One.
  3905 | D:3      | Reached skill level 5 in Conjurations
  3938 | D:3      | Reached XP level 7. HP: 46/46 MP: 5/13
  4686 | D:3      | Noticed an angel
  5118 | D:4      | Reached skill level 6 in Conjurations
  5255 | D:4      | Found Kuplioff's Weapon Shoppe.
  5422 | D:4      | Found Vuebbuyrr's Distillery.
  5426 | D:4      | Bought a potion of mutation for 35 gold pieces
  5426 | D:4      | Gained mutation: You have an increased reservoir of magic (+10% MP). [potion of mutation]
  5426 | D:4      | Gained mutation: Your movements are slightly less encumbered by armour (ER -2). [potion of mutation]
  5426 | D:4      | Gained mutation: You have sharp fingernails. [potion of mutation]
  5467 | D:4      | Found a radiant altar of Vehumet.
  5600 | D:4      | Became a worshipper of Vehumet
  5692 | D:4      | Reached skill level 5 in Spellcasting
  5764 | D:4      | Gained mutation: You regenerate health from kills. [demonic ancestry]
  5764 | D:4      | Reached XP level 8. HP: 52/52 MP: 5/17
  6070 | D:4      | Found Viothruf's Book Shop.
  6417 | D:5      | Entered Level 5 of the Dungeon
  6559 | D:5      | Noticed Blork the orc
  6586 | D:5      | Killed Blork the orc
  6586 | D:5      | Reached skill level 7 in Conjurations
  6720 | D:5      | Found a deep blue altar of Sif Muna.
  6919 | D:5      | Reached * piety under Vehumet
  6919 | D:5      | Offered knowledge of Sting by Vehumet.
  6931 | D:5      | Found a staircase to the Ecumenical Temple.
  6940 | Temple   | Entered the Ecumenical Temple
  7459 | D:6      | Found a shadowy altar of Dithmenos.
  7589 | D:6      | Noticed Duvessa
  7590 | D:6      | Noticed Dowan
  7625 | D:6      | Killed Duvessa
  7638 | D:6      | Killed Dowan
  7845 | D:6      | Found a bloodstained altar of Trog.
  7845 | D:6      | Found a stormy altar of Qazlal.
  8535 | D:7      | Reached skill level 8 in Conjurations
  8640 | D:8      | Found a white marble altar of Elyvilon.
  8671 | D:8      | Gained mutation: You have very sharp fingernails. [demonic ancestry]
  8671 | D:8      | Reached XP level 9. HP: 33/57 MP: 3/19
  8957 | D:8      | Offered knowledge of Throw Frost by Vehumet.
  8994 | D:8      | Reached skill level 5 in Slings
  9160 | D:8      | Found an oddly glowing altar of Pakellas.
  9370 | D:8      | Reached ** piety under Vehumet
  9428 | D:8      | Reached skill level 9 in Conjurations
  9961 | D:8      | Learned a level 2 spell: Throw Frost
 10277 | D:7      | Reached skill level 10 in Conjurations
 10393 | D:7      | Noticed Situis's ghost (novice DsAK)
 10862 | D:8      | Gained mutation: You are mostly covered in sharp spines. [demonic ancestry]
 10862 | D:8      | Reached XP level 10. HP: 41/63 MP: 11/23
 10870 | D:8      | Learned a level 3 spell: Conjure Flame
 10978 | D:8      | Offered knowledge of Ignite Poison by Vehumet.
 11175 | D:9      | Found an ancient bone altar of Kikubaaqudgha.
 11663 | D:9      | Got a smoking war axe
 11664 | D:9      | Identified the cursed +1 war axe of World Downfall {drain, Dex+7} (You found it on level 9 of the Dungeon)
 11801 | D:9      | Noticed Psyche
 11834 | D:9      | Killed Psyche
 11834 | D:9      | Reached skill level 1 in Fighting
 11834 | D:9      | Reached skill level 11 in Conjurations
 12306 | D:9      | Reached *** piety under Vehumet
 12335 | D:10     | Entered Level 10 of the Dungeon
 12586 | D:10     | Found a staircase to the Orcish Mines.
 12628 | D:10     | Offered knowledge of Fulminant Prism by Vehumet.
 12777 | D:10     | Noticed Heedrag's ghost (journeyman MiBe)
 12902 | D:10     | Noticed a hill giant
 12910 | D:10     | Killed a hill giant
 13095 | D:10     | Found a staircase to the Lair.
 13152 | D:10     | HP: 2/69 [warg (4)]
 13152 | D:10     | Mangled by a warg

Skill      XL: |  1  2  3  4  5  6  7  8  9 10 |
---------------+-------------------------------+-----
Conjurations   | 2 3 4 5 6 8 10 11 | 11.8
Poison Magic   | 2 3 |  3.0
Slings         | 1 2 3 4 5 |  5.1
Spellcasting   | 4 5 6 7 8 |  8.4
Fighting       | 2 |  2.9
Dodging        | |  1.7
Stealth        | |  1.7
Summonings     | |  1.0
Translocations | |  0.8

Action                   |  1- 3 |  4- 6 |  7- 9 | 10-12 || total
-------------------------+-------+-------+-------+-------++-------
Melee: Hunting sling     |       |       |       |     1 ||     1
 Fire: Hunting sling     |    32 |   160 |   313 |   127 ||   632
 Cast: Magic Dart        |    56 |    78 |   262 |   162 ||   558
       Mephitic Cloud    |     1 |    19 |    72 |    35 ||   127
       Throw Frost       |       |       |     3 |       ||     3
       Conjure Flame     |       |       |       |    10 ||    10
  Use: Potion            |       |       |     1 |       ||     1
       Scroll            |       |       |    10 |     4 ||    14
  Eat: Chunk             |     1 |    10 |    21 |     7 ||    39
       Beef jerky        |       |       |     1 |       ||     1
Armor: Robe              |    12 |     8 |    40 |    27 ||    87
Dodge: Dodged            |    83 |    80 |    95 |    46 ||   304
